 Dungeon Crawl Stone Soup version 0.27-a0-1296-g8ece459b43 (webtiles) character file.

Game seed: 12857578966517182435

47 HAL9000 the Sneak (level 3, -1/18 HPs)
             Began as a Vine Stalker Brigand on June 16, 2021.
             Slain by a gnoll (4 damage)
             ... on level 2 of the Dungeon.
             The game lasted 00:01:30 (1778 turns).

HAL9000 the Sneak (Vine Stalker Brigand)            Turns: 1778, Time: 00:01:30

Health: -1/18      AC:  3    Str: 14    XL:     3   Next: 70%
Magic:  0/4        EV: 11    Int: 11    God:
Gold:   65         SH:  0    Dex: 15    Spells: 2/2 levels left

rFire    . . .     SeeInvis .   a - +2 dagger
rCold    . . .     Faith    .   (no shield)
rNeg     . . .     Spirit   +   b - +0 robe
rPois    .         Reflect  .   (no helmet)
rElec    .         Harm     .   c - +0 cloak
rCorr    .         Rampage  .   (no gloves)
Will     .....                  (no boots)
Stlth    +++.......             (no amulet)
HPRegen  0.06/turn              (no ring)
MPRegen  0.09/turn              (no ring)

@: no status effects
A: fangs 2, magic shield, antimagic bite, no potion heal 2
a: no special abilities


You were on level 2 of the Dungeon.
You visited 1 branch of the dungeon, and saw 2 of its levels.

You collected 65 gold pieces.

Inventory:

Hand Weapons
 a - a +2 dagger (weapon)
Missiles
 e - 2 curare-tipped darts (quivered)
Armour
 b - a +0 robe (worn)
 c - a +0 cloak (worn)
Scrolls
 f - a scroll of teleportation {unknown}
 g - a scroll of silence {unknown}
 h - a scroll of summoning {unknown}
Potions
 i - 3 potions of lignification {unknown}
 j - a potion of magic {unknown}


   Skills:
 - Level 1.7 Fighting
 - Level 1.7 Short Blades
 - Level 1.7 Throwing
 - Level 0.7 Dodging
 + Level 6.6 Stealth


You had 2 spell levels left.
You didn't know any spells.
Your spell library was empty.

Dungeon Overview and Level Annotations

Branches:
Dungeon (2/15)

Altars:


Innate Abilities, Weirdness & Mutations

You have extremely sharp teeth.
When hurt, damage is shared between your health and your magic reserves.
Your bite disrupts and absorbs the magic of your enemies.
Potions cannot restore your health.


Message History

The poisoned dart closely misses the gnoll.
Unknown command.
Throw: 2 darts (poison)
Press: ? - help, Q - select action, (/) - cycle Shift-Dir - straight line, f/p - gnoll
Aim: a gnoll, wielding a +0 spear (moderately wounded, 61% to hit)
You throw a poisoned dart. The poisoned dart hits the gnoll.
The gnoll is poisoned.
The gnoll is moderately wounded.
The gnoll hits you from afar with a +0 spear.
The gnoll barely misses you.
You closely miss the gnoll.
The gnoll is moderately wounded.
The gnoll barely misses you.
You closely miss the gnoll. You bite the gnoll. You drain its power.
The gnoll is moderately wounded.
The gnoll barely misses you.
You closely miss the gnoll.
The gnoll is moderately wounded.
The gnoll looks more healthy.
The gnoll hits you with a +0 spear!
You hit the gnoll but do no damage.
The gnoll is heavily wounded.
You barely miss the gnoll.
The gnoll is heavily wounded.
The gnoll hits you but does no damage.
You hit the gnoll.
The gnoll is heavily wounded.
The gnoll completely misses you.
Throw: dart (poison)
Press: ? - help, Q - select action, (/) - cycle Shift-Dir - straight line, f/p - gnoll
Aim: a gnoll, wielding a +0 spear (heavily wounded, 61% to hit)
You throw a poisoned dart.
The poisoned dart closely misses the gnoll.
The gnoll hits you with a +0 spear.
You barely miss the gnoll. You bite the gnoll, but do no damage.
The gnoll is heavily wounded.
The gnoll hits you with a +0 spear.
* * * LOW HITPOINT WARNING * * *
Unknown command.
The gnoll hits you from afar with a +0 spear.
You die...

#.###.####.#####.#^...
#...>.........##.##..#
#############.##.##..#
#.##.(#..# #.###.#..#
#.# #g#..# #.# #.#<.#
#.###)#..# #.@.g(##.#
####..##.# #..##.#
#..##.# #..##.#
#..##.##
#†.#...#######
#.............
##............


You could see a gnoll.

Vanquished Creatures
  A gnoll (D:2)
  2 worms (D:2)
  An endoplasm (D:1)
  2 goblins (D:1)
  4 hobgoblins
  7 jackals (D:1)
  2 quokkas (D:1)
  2 ball pythons (D:1)
  2 bats (D:1)
  2 frilled lizards (D:1)
  2 kobolds (D:1)
  3 rats
30 creatures vanquished.

Notes
Turn   | Place    | Note
-------+----------+-------------------------------------------
     0 | D:1      | HAL9000 the Vine Stalker Brigand began the quest for the
                  | Orb.
     0 | D:1      | Reached XP level 1. HP: 11/11 MP: 2/2
   137 | D:1      | Reached skill level 5 in Stealth
   264 | D:1      | Reached XP level 2. HP: 2/15 MP: 1/3
   700 | D:1      | Found a faded altar of an unknown god.
   815 | D:1      | Reached skill level 6 in Stealth
  1134 | D:1      | Reached XP level 3. HP: 18/18 MP: 4/4
  1778 | D:2      | Slain by a gnoll

Illustrated notes

Levels and vault maps discovered:
D:1:      roderic_chinese_lattice_arrival, layout_basic,
          ebering_ecumenical_altar_webs, minmay_fountain_box
D:2:      layout_loops_ring, minmay_misc_feat_cross, supply_closet_lemuel,
          kennysheep_big_empty_room, uniq_robin

Skill      XL: |  1  2 |
---------------+-------+-----
Stealth        | 5 6 |  6.6
Fighting       | |  1.7
Short Blades   | |  1.7
Throwing       | |  1.7
Dodging        | |  0.7

Action                   || total
-------------------------++-------
Melee: Dagger            ||    84
       Bite              ||    23
Throw: Dart              ||     8
  Use: Potion            ||     1
 Stab: Sleeping          ||     7
Armor: Robe              ||    19
Dodge: Dodged            ||    62

Table legend: (Time is in decaauts)
 A = Elapsed time spent in this place.
 B = Non-inter-level travel time spent in this place.
 C = Inter-level travel time spent in this place.
 D = Time resting spent in this place.
 E = Time spent auto-exploring this place.
 F = Levels seen in this place.
 G = Mean time per level.
                   A        B        C        D        E       F      G
               +--------+--------+--------+--------+--------+-----+--------+
         Total |   1771 |   1712 |     59 |    480 |    994 |   2 |  885.5 |
       Dungeon |   1771 |   1712 |     59 |    480 |    994 |   2 |  885.5 |
               +--------+--------+--------+--------+--------+-----+--------+

Top non-repeatable levels by time:
     D:1: 1579 daAuts
     D:2: 192 daAuts
